 Dungeon Crawl Stone Soup version 0.14-a0-426-gb52781e (webtiles) character file.

3317 PolkaDot the Ruinous (level 9, -1/55 HPs)
             Began as a Vampire Wizard on Oct 28, 2013.
             Was a Priest of Sif Muna.
             Slain by a komodo dragon (22 damage)
             ... on Level 8 of the Dungeon.
             The game lasted 00:54:42 (7567 turns).

PolkaDot the Ruinous (Vampire Wizard)               Turns: 7567, Time: 00:54:42

HP  -1/55        AC  5     Str  7      XL: 9   Next: 44%
MP  13/19        EV 12     Int 22      God: Sif Muna [***...]
Gold 515         SH  0     Dex 12      Spells:  5 memorised,  3 levels left

Res.Fire  : . . .   See Invis. : +   i - +4,+2 elf short sword (vamp)
Res.Cold  : . . .   Warding    : .   a - +0 robe
Life Prot.: + + .   Conserve   : .   (no shield)
Res.Poison: .       Res.Corr.  : .   b - +1 wizard hat
Res.Elec. : .       Clarity    : .   x - +0 cloak
Sust.Abil.: . .     Spirit.Shd : .   (no gloves)
Res.Mut.  : .       Stasis     : .   B - +0 pair of boots
Res.Rott. : .       Flight     : .   (no amulet)
Saprovore : . . .                    w - ring of positive energy {unknown}
                                     g - ring of sustenance

@: non-regenerating, diseased, somewhat resistant to hostile enchantments,
stealthy
A: bottle blood, fangs 3, see invisible, unbreathing
a: Bat Form, Bottle Blood, Channel Energy, Forget Spell, Renounce Religion


You were on level 8 of the Dungeon.
You worshipped Sif Muna.
Sif Muna was most pleased with you.
You were not thirsty.

You visited 2 branches of the dungeon, and saw 9 of its levels.

You collected 495 gold pieces.

Inventory:

Hand weapons
 i - a +4,+2 elven vampiric short sword (weapon)
Armour
 a - a +0 robe (worn)
 b - a +1 wizard hat (worn)
 v - a +0 buckler
 x - a +0 cloak (worn)
 B - a +0 pair of boots (worn)
Magical devices
 s - a wand of polymorph (23)
Scrolls
 h - 2 scrolls of enchant armour
 j - 6 scrolls of teleportation
 o - 4 scrolls of remove curse
 r - 2 scrolls of recharging
 y - 2 scrolls of fog
Jewellery
 g - a ring of sustenance (left hand)
 n - an uncursed ring of protection from cold
 w - a ring of positive energy (right hand) {unknown}
Potions
 d - a potion of restore abilities
 f - 2 potions of heal wounds
 k - a potion of agility
 l - 2 potions of invisibility
 m - 2 potions of blood
 p - 2 potions of speed {unknown}
 u - a potion of confusion {unknown}
 z - a potion of poison {unknown}
 A - 3 potions of curing {unknown}
 C - a potion of magic
Books
 c - a book of Minor Magic

   Spells                             Type                      Level
   *Magic Dart                        Conjuration                  1
   *Blink                             Translocation                2
   Call Imp                           Summoning                    2
   *Repel Missiles                    Charms/Air                   2
   Slow                               Hexes                        2
   *Conjure Flame                     Conjuration/Fire             3
   *Mephitic Cloud                    Conjuration/Poison/Air       3
 e - a book of Power

   Spells                             Type                      Level
   Iskenderun's Mystic Blast          Conjuration                  4
   Venom Bolt                         Conjuration/Poison           5
   Bolt of Magma                      Conjuration/Fire/Earth       5
   Fulminant Prism                    Conjuration/Hexes            5
   Iron Shot                          Conjuration/Earth            6
   Orb of Destruction                 Conjuration                  7
 q - a book of War Chants

   Spells                             Type                      Level
   Fire Brand                         Charms/Fire                  2
   Freezing Aura                      Charms/Ice                   2
   Shroud of Golubria                 Charms/Translocation         2
   *Repel Missiles                    Charms/Air                   2
   Poison Weapon                      Charms/Poison                3
   Regeneration                       Charms/Necromancy            3
 t - a book of the Warp

   Spells                             Type                      Level
   Recall                             Summoning/Translocation      3
   Control Teleport                   Charms/Translocation         4
   Phase Shift                        Translocation                5
   Warp Weapon                        Charms/Translocation         5
   Dispersal                          Translocation                6
   Controlled Blink                   Translocation                7
   Disjunction                        Translocation                8
 F - a Necronomicon {highlevel}

   This book is beyond your current level of understanding.

   Spells                             Type                      Level
   Borgnjor's Revivification          Necromancy                   7
   Haunt                              Necromancy/Summoning         7
   Death's Door                       Charms/Necromancy            8
   Necromutation                      Transmutation/Necromancy     8
Magical staves
 G - an uncursed staff of conjuration


   Skills:
 - Level 2.1 Dodging
 - Level 3.0 Stealth
 - Level 3.0 Spellcasting
 - Level 7.4 Conjurations
 - Level 5.1 Charms
   Level 1.0 Summonings
 * Level 3.0 Translocations
 + Level 5.4 Air Magic
 + Level 2.2 Invocations


You had 3 spell levels left.
You knew the following spells:

 Your Spells              Type           Power        Failure   Level  Hunger
a - Magic Dart            Conj           ####         1%          1    None
d - Mephitic Cloud        Conj/Pois/Air  ###.....     8%          3    ###....
q - Blink                 Tloc           N/A          8%          2    ##.....
s - Conjure Flame         Conj/Fire      ###.....     12%         3    ###....
w - Repel Missiles        Chrm/Air       ####......   1%          2    ##.....


Dungeon Overview and Level Annotations

Branches:
Dungeon (8/27)             Temple (1/1) D:4
    Orc: D:6-11        Lair: D:8-13

Altars:
Ashenzari
Cheibriados
Fedhas
Kikubaaqudgha
Makhleb
Nemelex Xobeh
Okawaru
Sif Muna
Trog
Vehumet
Xom
Zin
the Shining One


Innate Abilities, Weirdness & Mutations

You can bottle blood from corpses.
You have razor-sharp teeth.*
You have supernaturally acute eyesight.
You can survive without breathing.*


Message History

The beam explodes into a vile cloud!
The stinking cloud engulfs the komodo dragon.
The komodo dragon is engulfed in noxious fumes.
The komodo dragon appears confused.
Use which ability? (? or * to list)
You channel some magical energy.
You feel somewhat more thirsty. The komodo dragon bites you!
* * * LOW HITPOINT WARNING * * *
You feel ill.
Use which ability? (? or * to list)
You channel some magical energy.
You feel somewhat more thirsty.
You draw the komodo dragon's blood!
You feel better.
You feel slightly less thirsty.
You hit the komodo dragon.
You feel better.
The komodo dragon is lightly wounded.
You completely miss the komodo dragon.
The komodo dragon is lightly wounded.
You barely miss the komodo dragon.
The komodo dragon is lightly wounded.
The komodo dragon seems less confused.
The komodo dragon bites you!
You die...

.# ...# # .....## ### ####
......###.####### ###...
#...ยงยง.....#.##.###..###
#.###..@l....###....##
#..#%###....%....## ##
#..#.########## ###.# ###


You could see a komodo dragon.

Vanquished Creatures
  Joseph (D:7)
  A steam dragon (D:8)
  A hippogriff (D:7)
  Edmund (D:4)
  A sky beast (D:6)
  An ice beast (D:7)
  4 ogres
  An orc warrior (D:6)
  A crocodile (D:8)
  Blork the orc (D:4)
  3 giant frogs
  4 killer bees (D:7)
  2 crimson imps
  A goliath beetle (D:7)
  3 hounds (D:6)
  2 scorpions
  3 orc priests
  3 iguanas
  6 worker ants
  An orc wizard (D:4)
  Ijyb (D:6)
  An ogre skeleton (D:7)
  11 gnolls
  4 adders
  3 worms
  8 giant geckos
  20 orcs
  5 ball pythons
  A bat zombie (D:7)
  9 giant cockroaches
  12 goblins
  15 hobgoblins
  13 jackals
  7 quokkas
  4 training dummies (D:2)
  A ball python skeleton (D:5)
  8 bats
  7 giant newts
  14 kobolds
  A quokka skeleton (D:4)
  6 rats
192 creatures vanquished.

Vanquished Creatures (others)
  An orc wizard (D:4)
1 creature vanquished.

Grand Total: 193 creatures vanquished

Notes
Turn   | Place    | Note
--------------------------------------------------------------
     0 | D:1      | PolkaDot, the Vampire Wizard, began the quest for the Orb.
     0 | D:1      | Reached XP level 1. HP: 11/11 MP: 6/6
    65 | D:1      | Reached skill level 1 in Conjurations
   175 | D:1      | Reached XP level 2. HP: 17/17 MP: 0/8
   938 | D:2      | Reached XP level 3. HP: 19/22 MP: 2/10
  1110 | D:2      | Found an iron altar of Okawaru.
  1420 | D:1      | Learned a level 3 spell: Conjure Flame
  1424 | D:1      | Learned a level 3 spell: Mephitic Cloud
  1670 | D:2      | Reached XP level 4. HP: 28/28 MP: 4/12
  2156 | D:3      | Learned a level 2 spell: Repel Missiles
  2288 | D:3      | Reached XP level 5. HP: 33/33 MP: 3/13
  3283 | D:4      | Reached skill level 4 in Conjurations
  3502 | D:4      | Noticed Edmund
  3556 | D:4      | Reached XP level 6. HP: 39/39 MP: 3/15
  3632 | D:4      | Killed Edmund
  3632 | D:4      | Reached skill level 5 in Conjurations
  3709 | D:4      | Found a staircase to the Ecumenical Temple.
  3721 | Temple   | Entered the Ecumenical Temple
  3789 | Temple   | Became a worshipper of Sif Muna the Loreminder
  3962 | D:4      | Reached skill level 1 in Air Magic
  3963 | D:4      | Reached skill level 1 in Charms
  4186 | D:4      | Noticed Blork the orc
  4198 | D:4      | Killed Blork the orc
  4198 | D:4      | Reached XP level 7. HP: 40/44 MP: 7/17
  4476 | D:5      | Entered Level 5 of the Dungeon
  4881 | D:5      | Acquired Sif Muna's first power
  5638 | D:6      | Reached skill level 6 in Conjurations
  5649 | D:6      | Reached XP level 8. HP: 20/50 MP: 0/18
  6070 | D:6      | Acquired Sif Muna's second power
  6260 | D:6      | Noticed Ijyb
  6291 | D:6      | Killed Ijyb
  6428 | D:7      | Noticed Joseph
  6447 | D:7      | Killed Joseph
  6447 | D:7      | Reached skill level 7 in Conjurations
  6447 | D:7      | Reached skill level 5 in Charms
  6547 | D:7      | Reached XP level 9. HP: 50/55 MP: 10/19
  6685 | D:7      | Learned a level 2 spell: Blink
  6745 | D:7      | Reached skill level 1 in Translocations
  6785 | D:7      | Reached skill level 1 in Invocations
  7008 | D:7      | Reached skill level 5 in Air Magic
  7567 | D:8      | Slain by a komodo dragon

Action                   |  1- 3 |  4- 6 |  7- 9 || total
-------------------------+-------+-------+-------++-------
Melee: Short sword       |     9 |    33 |    62 ||   104
       Spear             |    27 |    40 |       ||    67
       Staff             |       |       |     5 ||     5
 Cast: Magic Dart        |    90 |   135 |   277 ||   502
       Conjure Flame     |     1 |    13 |    40 ||    54
       Mephitic Cloud    |       |    12 |    14 ||    26
       Repel Missiles    |       |       |     3 ||     3
Invok: Channel Energy    |       |       |   102 ||   102
 Abil: Bottle Blood      |       |     1 |    27 ||    28
Evoke: Wand              |       |       |     1 ||     1
  Use: Scroll            |     5 |     6 |    11 ||    22
       Potion            |     1 |     3 |    26 ||    30
 Stab: Sleeping          |     3 |       |     1 ||     4
       Confused          |       |     3 |     1 ||     4
